 Dungeon Crawl Stone Soup version 0.18-a0-514-ga7d9996 (webtiles) character file.

1651 Proton the Shield-Bearer (level 9, 0/69 HPs)
             Began as a Formicid Fighter on Dec 3, 2015.
             Was a Believer of Cheibriados.
             Slain by a killer bee (2 damage)
             ... on level 8 of the Dungeon.
             The game lasted 00:14:04 (6962 turns).

Proton the Shield-Bearer (Formicid Fighter)         Turns: 6962, Time: 00:14:04

Health: 0/69       AC: 11    Str: 29    XL:     9   Next: 19%
Magic:  11/11      EV: 15    Int: 13    God:    Cheibriados [**....]
Gold:   280        SH: 12    Dex: 15    Spells: 0 memorised, 8 levels left

rFire  . . .     SeeInvis +     a - +0 war axe
rCold  . . .     Clarity  .     p - +0 chain mail
rNeg   . . .     SustAt   .     c - +0 shield
rPois  .         Gourm    .     (helmet unavailable)
rElec  .         Spirit   .     (no cloak)
rCorr  .         Dismiss  .     A - +0 pair of gloves
rMut   .         Stasis   +     (no boots)
MR     .....                    (no amulet)
Stlth  ..........               (no ring)
                                n - +5 ring of evasion

@: very slow, not resistant to hostile enchantments, extremely unstealthy
A: permanent stasis, dig shafts and tunnels, four strong arms, antennae 3
a: Dig, Shaft Self, Bend Time, Renounce Religion


You were on level 8 of the Dungeon.
You worshipped Cheibriados.
Cheibriados was pleased with you.
You were not hungry.

You visited 2 branches of the dungeon, and saw 8 of its levels.
You also visited: Sewer.

You collected 280 gold pieces.

Inventory:

Hand Weapons
 a - a +0 war axe (weapon)
Armour
 c - a +0 shield (worn)
 p - a +0 chain mail (worn)
 A - a +0 pair of gloves (worn)
Jewellery
 n - a +5 ring of evasion (left hand)
Wands
 y - a wand of paralysis (2)
Scrolls
 b - 3 scrolls of fear {unknown}
 g - 2 scrolls of teleportation {unknown}
 k - a scroll of enchant armour {unknown}
 l - 3 scrolls of magic mapping {unknown}
 o - 5 scrolls of remove curse {unknown}
 q - a scroll of amnesia {unknown}
 w - a scroll of random uselessness {unknown}
 x - a scroll of recharging {unknown}
 C - a scroll of immolation {unknown}
Potions
 d - 4 potions of might
 h - 5 potions of curing
 i - 5 potions of agility {unknown}
 m - a potion of ambrosia
 r - 2 potions of invisibility
 t - a potion of magic
 v - a potion of flight
 z - 2 potions of heal wounds
Comestibles
 e - 2 bread rations
 j - 3 meat rations
 s - 3 fruits


   Skills:
 + Level 5.6 Fighting
 + Level 5.5 Axes
 + Level 6.2 Armour
 + Level 3.6 Dodging
 + Level 6.8 Shields
 + Level 3.9 Invocations


You had 8 spell levels left.
You didn't know any spells.

Dungeon Overview and Level Annotations

Branches:
Dungeon (8/15)             Temple (1/1) D:4
   Lair: D:8-11

Altars:
Ashenzari
Cheibriados
Dithmenos
Elyvilon
Fedhas
Gozag
Makhleb
Nemelex Xobeh
Okawaru
Qazlal
Sif Muna
Vehumet
Xom
The Shining One

Shops:
D:5 (

Annotations:
D:4 Arkorax's ghost, amateur TeGl
D:5 Arkorax's ghost, amateur TeWn
D:8 Psyche


Innate Abilities, Weirdness & Mutations

You are under a permanent stasis effect.
You can dig through walls and to a lower floor.
Your four strong arms can wield two-handed weapons with a shield.
You have a pair of large antennae on your head (SInv).


Message History

The killer bee is severely wounded.
The killer bee stings you but does no damage. x2
Psyche hits you with a dagger of chaos.
* * * LOW HITPOINT WARNING * * *
You are poisoned.
You block the killer bee's attack. x2
The killer bee stings you but does no damage.
Psyche casts a cantrip, but nothing happens.
You block the killer bee's attack. x2
The killer bee barely misses you. Psyche hits you with a dagger of chaos.
* * * LOW HITPOINT WARNING * * *
Psyche freezes you.
* * * LOW HITPOINT WARNING * * *
Drink which item? (? for menu, Esc to quit)
You feel better. The killer bee closely misses you.
The killer bee completely misses you. The killer bee barely misses you.
Psyche hits you but does no damage.
You are electrocuted!
* * * LOW HITPOINT WARNING * * *
The killer bee stings you.
You die...

####.............
#................
.................
.......[.........
........?........
.................
........††y......
.......)!@yh.....
........@.y......
.................
.................
......)).........
.................
.................
.................


You could see Psyche, 3 killer bees and a jackal.

Vanquished Creatures
  Sigmund (D:6)
  A phantom (D:4)
  2 ogres
  A centaur (D:6)
  A big kobold (D:6)
  A giant frog (D:6)
  A gnoll sergeant (D:6)
  A scorpion (D:5)
  2 killer bees (D:8)
  A giant frog zombie (D:5)
  A hound (D:6)
  A crimson imp (D:6)
  2 gnoll shamans (D:6)
  An orc priest (D:6)
  An iguana (D:6)
  An orc wizard (D:6)
  3 worker ants
  A hound zombie (D:5)
  2 hound skeletons
  A worker ant zombie (D:5)
  Robin (D:2)
  11 gnolls
  6 adders
  11 river rats
  4 oozes
  An adder skeleton (D:6)
  4 worms
  2 giant geckos
  10 orcs
  3 giant cockroaches
  15 hobgoblins
  13 jackals
  23 kobolds
  3 quokkas
  9 ball pythons
  7 bats
  3 giant newts
  12 goblins
  A jackal zombie (D:6)
  29 rats
194 creatures vanquished.

Notes
Turn   | Place    | Note
--------------------------------------------------------------
     0 | D:1      | Proton the Formicid Fighter began the quest for the Orb.
     0 | D:1      | Reached XP level 1. HP: 18/18 MP: 1/1
     6 | D:1      | Noticed a five-headed hydra
     6 | D:1      | Noticed a polar bear
     9 | D:1      | Noticed a swamp worm
   115 | D:1      | Reached XP level 2. HP: 24/24 MP: 2/2
   372 | D:1      | Reached skill level 4 in Shields
   372 | D:1      | Reached XP level 3. HP: 29/29 MP: 3/3
   594 | D:2      | Reached skill level 1 in Dodging
   594 | D:2      | Reached XP level 4. HP: 28/37 MP: 4/4
   833 | D:2      | Found a radiant altar of Vehumet.
  1050 | D:2      | Reached XP level 5. HP: 28/42 MP: 5/5
  1452 | D:2      | Noticed Robin
  1483 | D:2      | Killed Robin
  2421 | D:3      | Reached XP level 6. HP: 48/48 MP: 6/6
  2702 | D:3      | Found a burning altar of Makhleb.
  2843 | D:4      | Noticed Arkorax's ghost (amateur TeGl)
  3267 | D:5      | Entered Level 5 of the Dungeon
  3362 | D:5      | Reached skill level 5 in Shields
  3547 | D:5      | Found Ucwuci's Antique Weapon Shoppe.
  3603 | D:5      | Found a glowing drain.
  3631 | Sewer    | Entered a sewer
  3946 | Sewer    | Reached XP level 7. HP: 24/54 MP: 7/7
  4602 | D:5      | Noticed Arkorax's ghost (amateur TeWn)
  4986 | D:4      | Found a staircase to the Ecumenical Temple.
  4998 | Temple   | Entered the Ecumenical Temple
  5294 | Temple   | Became a worshipper of Cheibriados the Contemplative
  5370 | D:4      | Reached skill level 5 in Armour
  5920 | D:5      | Reached skill level 1 in Invocations
  5941 | D:6      | Reached skill level 6 in Shields
  5941 | D:6      | Reached XP level 8. HP: 57/61 MP: 7/9
  5944 | D:6      | Noticed Sigmund
  5963 | D:6      | Killed Sigmund
  5963 | D:6      | Reached skill level 5 in Fighting
  6101 | D:6      | Reached * piety under Cheibriados
  6253 | D:6      | Reached skill level 5 in Axes
  6587 | D:6      | Reached ** piety under Cheibriados
  6605 | D:6      | Reached XP level 9. HP: 18/68 MP: 11/11
  6616 | D:6      | You fall through a shaft for 2 floors!
  6944 | D:8      | Noticed Psyche
  6951 | D:8      | HP: 1/68 [killer bee (5)]
  6962 | D:8      | HP: 2/69 [Psyche/dagger of chaos (11)]
  6962 | D:8      | Slain by a killer bee

Vault maps used:
D:1:      onia_arrival_zoo_common
D:2:      fiery_altar_vehumet, minmay_misc_feat_five, grunt_ministairs_5,
          uniq_robin
D:3:      old_standard_altar, hangedman_decor_push
D:4:      minmay_temple_entry_purple_smoke
D:5:      nicolae_ru_great_annihilating_truth, amethyst_overflow_temple_binary,
          portal_sewer_entry_b, serial_shops, shop, first_bread
D:6:      kennysheep_housing_project, uniq_sigmund
D:8:      david_lair_generic, uniq_joseph, uniq_grum, uniq_psyche
Temple:   oiseaux_autumnal_temple_12
Sewer:    sewer_minmay_treatment

Action                   |  1- 3 |  4- 6 |  7- 9 || total
-------------------------+-------+-------+-------++-------
Melee: War axe           |    77 |   335 |   297 ||   709
 Abil: Dig               |       |     1 |       ||     1
       Shaft Self        |       |       |     1 ||     1
  Use: Scroll            |       |       |     7 ||     7
       Potion            |       |       |     6 ||     6
  Eat: Bread ration      |       |     2 |     1 ||     3
       Beef jerky        |       |     1 |     1 ||     2
       Fruit             |       |       |     2 ||     2
       Pizza             |       |       |     1 ||     1
